 Dungeon Crawl Stone Soup version 0.30.1-11-g7821555f0a (webtiles) character file.

Game seed: 5404941763646461337

7 RancidPinata the Sneak (level 2, -3/21 HPs)
             Began as an Octopode Delver on Dec 28, 2023.
             Slain by a centaur (5 damage)
             ... on level 5 of the Dungeon.
             The game lasted 00:01:16 (289 turns).

RancidPinata the Sneak (Octopode Delver)             Turns: 289, Time: 00:01:16

Health: -3/21      AC:  1    Str: 11    XL:     2   Next: 4%
Magic:  2/2        EV: 13    Int: 12    God:
Gold:   30         SH:  0    Dex: 13    Spells: 1/1 levels left

rFire   . . .        a - +0 spear
rCold   . . .        (no shield)
rNeg    . . .        (helmet restricted)
rPois   .            (no amulet)
rElec   .            (no ring)
rCorr   .            (no ring)
SInv    .            (no ring)
Will    .....        (no ring)
Stlth   ++++         (no ring)
HPRegen 0.23/turn    (no ring)
MPRegen 0.08/turn    (no ring)
                     (no ring)

%: no passive effects
@: no status effects
A: almost no armour, amphibious, 8 rings, camouflage 1, gelatinous body 1,
(nimble swimmer 1), tentacles
a: no special abilities


You were on level 5 of the Dungeon.
You visited 1 branch of the dungeon, and saw 2 of its levels.

You collected 30 gold pieces.

Inventory:

Hand Weapons
 a - a +0 spear (weapon)
Wands
 f - a wand of digging (3)
Scrolls
 b - a scroll of fog
 c - a scroll of magic mapping
 d - a scroll of fear
 h - a scroll of silence {unknown}
 i - a scroll of noise {unknown}
Potions
 e - a potion of haste
 g - a potion of might {unknown}


   Skills:
 * Level 3.2 Fighting
 + Level 2.1 Polearms
 * Level 2.2 Dodging
 + Level 6.7 Stealth


You had one spell level left.
You didn't know any spells.
Your spell library was empty.

Dungeon Overview and Level Annotations

Branches:
Dungeon (6/15)
 Temple: D:4-7

Altars:
Nemelex Xobeh


Innate Abilities, Weirdness & Mutations

You cannot wear most types of armour.
You are amphibious.
You can wear up to eight rings at the same time.
Your skin changes colour to match your surroundings (Stealth+).
Your rubbery body absorbs attacks. (AC +1, EV +1)
((You are camouflaged when in or above water. (Stealth+)))
You have tentacles for arms and can constrict up to eight enemies at once.


Message History

A centaur comes into view.
Found a quarterstaff.
The helpless centaur fails to defend itself.
You hit the centaur.
The centaur is lightly wounded.
The centaur barely misses you.
The centaur kicks you but does no damage.
The centaur hits you but does no damage.
The centaur completely misses you.
You hit the centaur. You squeeze the centaur.
The centaur is heavily wounded.
The centaur hits you. The centaur closely misses you.
You hit the centaur but do no damage. You squeeze the centaur.
The centaur is severely wounded.
The centaur completely misses you.
The centaur kicks you but does no damage.
The centaur hits you! The centaur misses you.
You barely miss the centaur. You squeeze the centaur.
The centaur is almost dead.
The centaur hits you. The centaur kicks you.
* * * LOW HITPOINT WARNING * * *
You barely miss the centaur.
The centaur is almost dead.
The centaur hits you.
* * * LOW HITPOINT WARNING * * *
The centaur kicks you.
* * * LOW HITPOINT WARNING * * *
The centaur completely misses you. The centaur barely misses you.
You barely miss the centaur.
The centaur is almost dead.
The centaur closely misses you. The centaur barely misses you.
You barely miss the centaur. Your squeeze misses the centaur.
The centaur is almost dead.
The centaur misses you. The centaur kicks you.
* * * LOW HITPOINT WARNING * * *
The centaur misses you. The centaur closely misses you.
You barely miss the centaur.
The centaur is almost dead.
The centaur hits you.
You die...

..#. ... ... #.# #.
..# #.###.### # ###
..##.. .... #. ##.#+
....###.## ##.#
#._.###.#..#...#
#...###.#'#..#......##
+..)c#####............
#....@###..###.......#
##.....#..## #......>#
##......## #........
##.....# ###....##
##+#### #.#### #.# #.#
#.#


You could see a centaur.

Vanquished Creatures
  A shadow imp (D:5)
1 creature vanquished.

Notes
Turn   | Place    | Note
-------+----------+-------------------------------------------
     0 | D:5      | RancidPinata the Octopode Delver began the quest for the
                  | Orb.
     0 | D:5      | Reached XP level 1. HP: 16/16 MP: 1/1
    93 | D:6      | Noticed a howler monkey
    93 | D:6      | Noticed a scorpion
   185 | D:5      | Found a sparkling altar of Nemelex Xobeh.
   195 | D:5      | Reached XP level 2. HP: 3/21 MP: 2/2
   279 | D:5      | Noticed a centaur
   289 | D:5      | Slain by a centaur

Illustrated notes

Levels and vault maps discovered:
D:5:      dreamdust_elfheim, layout_loops_corners, nemelex_diamond_rough_becter,
          minmay_temple_entry_slanted, minmay_misc_feat_iff,
          minmay_mini_ossuary, uniq_duvessa
D:6:      layout_basic

Action                     || total
---------------------------++-------
  Melee: Spear             ||    14
         Tentacles         ||     5
         Constrict         ||     1
   Stab: Sleeping          ||     1
 Armour: Skin              ||     4
  Dodge: Dodged            ||    14
